 Dungeon Crawl Stone Soup version 0.25-a0-670-g50981ef59b (webtiles) character file.

Game seed: 12560688583795647467, levelgen mode: deterministic

1270 DerDa the Firebug (level 8, -1/52 HPs)
             Began as a Demonspawn Fire Elementalist on Mar 29, 2020.
             Slain by Piu's ghost (11 damage)
             ... on level 3 of the Dungeon.
             The game lasted 00:23:30 (4484 turns).

DerDa the Firebug (Demonspawn Fire Elementalist)    Turns: 4484, Time: 00:23:31

Health: -1/52      AC:  6    Str:  9 (10) XL:     8   Next: 28%
Magic:  2/16       EV: 12    Int: 16 (18) God:
Gold:   235        SH:  0    Dex: 12 (13) Spells: 8/18 levels left

rFire    . . .     SeeInvis .   x - +2 spear (venom)
rCold    + . .     Gourm    .   (no shield)
rNeg     . . .     Faith    .   a - +0 robe
rPois    .         Spirit   .   h - +2 hat
rElec    .         Reflect  .   g - +0 cloak
rCorr    +         Harm     .   (no gloves)
MR       .....                  A - +0 pair of boots
Stlth    +.........             (no amulet)
HPRegen  0.17/turn              k - ring of resist corrosion
MPRegen  0.15/turn              n - ring of wizardry

@: very slow
A: antennae 1, cold resistance 1, demonic guardian 1
a: no special abilities


You were on level 3 of the Dungeon.
You were near starving.

You visited 1 branch of the dungeon, and saw 5 of its levels.

You collected 235 gold pieces.

Inventory:

Hand Weapons
 j - a +2 hand axe of flaming
 x - a +2 spear of venom (weapon)
Missiles
 d - 123 stones
 i - 18 poisoned darts (quivered)
 o - 5 datura-tipped darts
Armour
 a - a +0 robe (worn)
 g - a +0 cloak (worn)
 h - a +2 hat (worn)
 A - a +0 pair of boots (worn)
Magical Staves
 b - an uncursed staff of conjuration
Jewellery
 k - a ring of resist corrosion (left hand)
 n - a ring of wizardry (right hand)
Scrolls
 p - a scroll of blinking {unknown}
 r - a scroll of remove curse {unknown}
 s - a scroll of noise {unknown}
 u - 3 scrolls of identify {unknown}
 v - a scroll of amnesia {unknown}
 w - a scroll of enchant weapon {unknown}
 y - a scroll of fog {unknown}
 C - a scroll of teleportation {unknown}
Potions
 e - a potion of heal wounds {unknown}
 f - a potion of haste {unknown}
 l - a potion of lignification {unknown}
 m - 2 potions of invisibility
 z - a potion of curing
Comestibles
 c - 7 rations


   Skills:
 - Level 1.7 Dodging
 - Level 1.7 Stealth
 * Level 5.6 Spellcasting
 * Level 5.7 Conjurations
 * Level 5.9 Fire Magic


You had 8 spell levels left.
You knew the following spells:

 Your Spells              Type           Power        Failure   Level  Hunger
a - Foxfire               Conj/Fire      ###.         1%          1    None
b - Sticky Flame          Conj/Fire      ###.....     5%          4    ####...
c - Fireball              Conj/Fire      ###.......   14%         5    ######.

Your spell library contained the following spells:

 Spells                   Type           Power        Failure   Level  Hunger
 Conjure Flame            Conj/Fire      ###.....     1%          3    ###....
 Inner Flame              Hex/Fire       ##......     5%          3    ###....


Dungeon Overview and Level Annotations

Branches:
Dungeon (5/15)
 Temple: D:4-7

Altars:
Cheibriados
Nemelex Xobeh
Zin
The Shining One

Annotations:
D:3 Piu's ghost, weakling OgSk


Innate Abilities, Weirdness & Mutations

You have a pair of small antennae on your head.
Your flesh is cold resistant. (rC+)
A weak demonic guardian rushes to your aid.


Message History

Piu's ghost laughs crazily.
Piu's ghost takes a fighting stance.
Casting: Sticky Flame (safe; 5% risk of failure)
Confirm with . or Enter, or press ? or * to list all spells.
Aiming: Sticky Flame (safe; 5% risk of failure)
Press: ? - help, Shift-Dir - straight line, f/p - Piu's ghost
Aim: Piu's ghost (almost destroyed)
The sticky flame hits Piu's ghost.
Piu's ghost is almost destroyed.
Piu's ghost closely misses you.
There is a transporter here.
You enter the transporter and appear at another place.
Piu's ghost hits you. Piu's ghost barely misses you.
You enter the shallow water.
Moving in this stuff is going to be slow.
Piu's ghost closely misses you. Piu's ghost hits you.
* * * LOW HITPOINT WARNING * * *
Piu's ghost hits you!
You die...

#.≈≈##.###.###.##≈≈
#.≈≈#...........#≈≈
#.≈≈###.##'##.###≈≈
#.≈≈..#.#..$#.#..≈≈
#.≈≈.##.#...#.##.≈≈
#.≈≈.#..#.:.#.)#.≈≈
#.≈≈.##.#####.##.≈≈
##.≈≈..#g#8)8#.#....
#..@W.©#g'.©./.#©...
#..≈≈..#.#P..#.#....
#..≈≈.##.##.##.##.≈≈
#..≈≈.#©.#...#..#.≈≈
#..≈≈.##.#⌠.⌠#.##.≈≈
#..≈≈..#.#...#.#..≈≈
#..≈≈###.##'##.###≈≈
#..≈≈#...........#≈≈
#..≈≈##.###.###.##≈≈


You could see Piu's ghost and 2 gnolls.

Vanquished Creatures
  Grinder (D:3)
  Eustachio (D:5)
  2 ice beasts (D:5)
  An ogre (D:4)
  3 scorpions (D:5)
  3 hounds
  A gnoll shaman (D:5)
  A bullfrog skeleton (D:5)
  2 iguanas (D:5)
  3 worker ants
  7 adders
  10 gnolls
  A worm (D:3)
  A dart slug (D:3)
  3 leopard geckos
  6 orcs
  3 bats
  3 giant cockroaches
  7 goblins
  10 hobgoblins
  4 jackals
  10 kobolds
  A quokka (D:2)
  5 frilled lizards
  5 rats
94 creatures vanquished.

Vanquished Creatures (collateral kills)
  A black bear (D:5)
  An adder zombie (D:5)
2 creatures vanquished.

Vanquished Creatures (others)
  200 foxfires
  5 plants (D:3)
205 creatures vanquished.

Grand Total: 301 creatures vanquished

Notes
Turn   | Place    | Note
-------+----------+-------------------------------------------
     0 | D:1      | DerDa the Demonspawn Fire Elementalist began the quest for
                  | the Orb.
     0 | D:1      | Reached XP level 1. HP: 13/13 MP: 3/3
   427 | D:1      | Gained mutation: A weak demonic guardian rushes to your
                  | aid. [demonic ancestry]
   427 | D:1      | Reached XP level 2. HP: 8/19 MP: 1/5
   992 | D:2      | Reached XP level 3. HP: 13/24 MP: 0/6
  1467 | D:3      | Found a glowing silver altar of Zin.
  1467 | D:3      | Found a snail-covered altar of Cheibriados.
  1467 | D:3      | Found a glowing golden altar of the Shining One.
  1552 | D:3      | Reached XP level 4. HP: 30/30 MP: 1/8
  1619 | D:3      | Noticed Grinder
  1670 | D:2      | Learned a level 4 spell: Sticky Flame
  1855 | D:3      | Found a transporter.
  2232 | D:3      | Killed Grinder
  2232 | D:3      | Reached XP level 5. HP: 16/35 MP: 0/10
  2232 | D:3      | Gained mutation: Your flesh is cold resistant. (rC+)
                  | [demonic ancestry]
  2232 | D:3      | Reached XP level 6. HP: 19/41 MP: 0/11
  2487 | D:3      | Found a sparkling altar of Nemelex Xobeh.
  2523 | D:3      | Found a transporter.
  2529 | D:3      | Identified the +8 halberd of Misery {chaos, rF+ Dex+2}
  2572 | D:3      | Noticed Piu's ghost (weakling OgSk)
  2674 | D:3      | Learned a level 5 spell: Fireball
  2891 | D:4      | You fall into a shaft and drop 1 floor!
  2891 | D:5      | Entered Level 5 of the Dungeon
  3074 | D:5      | Gained mutation: You have a pair of small antennae on your
                  | head. [demonic ancestry]
  3074 | D:5      | Reached XP level 7. HP: 44/46 MP: 8/13
  3298 | D:5      | Noticed Eustachio
  3423 | D:5      | Reached skill level 5 in Fire Magic
  3502 | D:5      | Killed Eustachio
  3502 | D:5      | Reached skill level 5 in Conjurations
  3548 | D:5      | Reached skill level 5 in Spellcasting
  3558 | D:5      | Reached XP level 8. HP: 45/52 MP: 3/15
  4484 | D:3      | Slain by Piu's ghost

Levels and vault maps discovered:
D:1:      heliophobic_arrival_battle_scene, layout_rooms, minivault_11
D:2:      layout_rooms
D:3:      layout_basic, chequers_temple_overflow_statue_of_worship,
          gammafunk_ghost_gnarly_gnolls, nemelex_diamond_rough_becter,
          uniq_grinder
D:4:      layout_loops_ring
D:5:      layout_cave_pods, grunt_temple_overflow_open, first_ration,
          uniq_eustachio

Skill      XL: |  1  2  3  4  5  6  7 |
---------------+----------------------+-----
Fire Magic     | 3 4 5 |  5.9
Conjurations   | 2 3 4 5 |  5.7
Spellcasting   | 3 4 5 |  5.6
Dodging        | |  1.7
Stealth        | |  1.7

Action                   |  1- 3 |  4- 6 |  7- 9 || total
-------------------------+-------+-------+-------++-------
Melee: Short sword       |    24 |       |       ||    24
       Hand axe          |    11 |    14 |     1 ||    26
       Spear             |       |       |    37 ||    37
       Unarmed           |       |       |     3 ||     3
Throw: Dart              |       |     3 |     5 ||     8
 Cast: Foxfire           |    59 |    44 |    18 ||   121
       Sticky Flame      |       |     6 |    15 ||    21
       Fireball          |       |       |     2 ||     2
  Use: Potion            |       |     1 |     2 ||     3
 Stab: Sleeping          |     1 |       |     1 ||     2
  Eat: Chunk             |     2 |     5 |     7 ||    14
Armor: Robe              |     8 |     9 |     3 ||    20
Dodge: Dodged            |    26 |    22 |    36 ||    84

Table legend:
 A = Non-vault XP
 B = Vault XP
 C = Vault XP percentage of total XP
 D = Non-vault monster count
 E = Vault monster count
 F = Vault count percentage of total count
                 A         B        C        D         E       F
            +---------+---------+-------+---------+---------+-------
      Total |    1329 |     486 |  26.8 |      89 |       7 |   7.3
            +---------+---------+-------+---------+---------+-------
        D:1 |      21 |       0 |   0.0 |      12 |       0 |   0.0
        D:2 |      60 |       0 |   0.0 |      22 |       0 |   0.0
        D:3 |      90 |     332 |  78.7 |      26 |       6 |  18.8
        D:4 |     243 |       0 |   0.0 |       6 |       0 |   0.0
        D:5 |     915 |     154 |  14.4 |      23 |       1 |   4.2
            +---------+---------+-------+---------+---------+-------
